 Dungeon Crawl Stone Soup version 0.29.1-13-g9f3cf754e1 (webtiles) character file.

Game seed: 17358682487744313959

1794 Thatpatchoflichen the Chopper (level 9, -2/80 HPs)
             Began as a Hill Orc Fighter on Jan 20, 2023.
             Was an Initiate of Ashenzari.
             Killed by divine providence
             ... invoked by an orc priest
              (17 damage)
             ... on level 6 of the Dungeon.
             The game lasted 00:17:26 (7223 turns).

Thatpatchoflichen the Chopper (Hill Orc Fighter)    Turns: 7223, Time: 00:17:27

Health: -2/80      AC: 10    Str: 23    XL:     9   Next: 9%
Magic:  9/9        EV:  8    Int:  8    God:    Ashenzari [......]
Gold:   198        SH:  5    Dex: 10    Spells: 8/8 levels left

rFire   . . .      SeeInvis .   a - +0 war axe
rCold   . . .      Faith    .   c - +0 buckler of the Chained Secrets {Evo, Bglg} (curse)
rNeg    . . .      Spirit   .   k - +0 chain mail
rPois   .          Reflect  .   z - +0 hat
rElec   .          Harm     .   (no cloak)
rCorr   .          Rampage  .   (no gloves)
Will    .....                   (no boots)
Stlth   ..........              (no amulet)
HPRegen 0.23/turn               (no ring)
MPRegen 0.11/turn               (no ring)

@: no status effects
A: no striking features
a: Renounce Religion, Convert to Beogh, Shatter the Chains


You were on level 6 of the Dungeon.
You worshipped Ashenzari.
Ashenzari was noncommittal.
You visited 2 branches of the dungeon, and saw 7 of its levels.

You collected 226 gold pieces.
You spent 28 gold pieces at shops.

Inventory:

Hand Weapons
 a - a +0 war axe (weapon)
Missiles
 j - 11 poisoned darts (quivered)
 v - 6 javelins
 y - 4 boomerangs
 D - 3 silver javelins
Armour
 b - a +0 scale mail
 c - the cursed +0 buckler of the Chained Secrets (worn) {Evo, Bglg}

   It has a curse which improves the following skills: Evocations: Evocations.
   Beguiling: Conjurations, Hexes and Translocations.
 k - a +0 chain mail (worn)
 z - a +0 hat (worn)
 B - a +0 robe of willpower
 F - an orb of wrath
Jewellery
 e - a ring of fire
 l - a ring of wizardry
Scrolls
 f - 4 scrolls of noise
 h - 2 scrolls of fear {unknown}
 m - a scroll of magic mapping {unknown}
 n - a scroll of teleportation {unknown}
 r - a scroll of immolation {unknown}
 t - a scroll of enchant weapon {unknown}
 u - 2 scrolls of silence {unknown}
 E - a scroll of amnesia {unknown}
Potions
 d - 2 potions of might
 g - a potion of ambrosia {unknown}
 i - 2 potions of magic
 o - 2 potions of brilliance {unknown}
 p - 3 potions of heal wounds
 q - 3 potions of flight
 s - a potion of cancellation {unknown}
 w - 2 potions of lignification {unknown}
 x - a potion of mutation {unknown}
 A - 4 potions of curing {unknown}
 C - a potion of attraction {unknown}


   Skills:
 + Level 7.7 Fighting
 + Level 7.9 Axes
 + Level 7.1 Armour
 + Level 7.1 Shields


You had 8 spell levels left.
You didn't know any spells.
Your spell library contained the following spells:

 Spells                   Type           Power      Damage    Failure   Level
 Magic Dart               Conj           0%         1d3       98%         1
 Call Imp                 Summ           0%         N/A       99%         2
 Mephitic Cloud           Conj/Pois/Air  0%         N/A       100%        3


Dungeon Overview and Level Annotations

Branches:
Dungeon (6/15)             Temple (1/1) D:5

Altars:
Ashenzari
Cheibriados
Elyvilon
Fedhas
Nemelex Xobeh
Qazlal
Ru
Sif Muna
Trog
Uskayaw
Vehumet
Wu Jian
Yredelemnul
Zin
The Shining One

Shops:
D:2 (   D:4 *   D:5 =?


Message History

You block the phantom's attack.
You hit the phantom but do no damage.
The phantom is almost destroyed.
The phantom hits you but does no damage.
You completely miss the phantom.
The phantom is almost destroyed.
The phantom hits you but does no damage.
You closely miss the phantom.
The phantom is almost destroyed.
The phantom barely misses you.
You completely miss the phantom.
The phantom is almost destroyed.
You block the phantom's attack.
An iguana comes into view.
You block the phantom's attack.
The iguana hisses angrily.
You slash the phantom!
You destroy the phantom!
Your Armour skill increases to level 7!
Your Shields skill increases to level 7!
The iguana barely misses you.
You slash the iguana!
The iguana is heavily wounded.
The iguana misses you.
You slash the iguana!
You kill the iguana!
An orc wizard comes into view. It is wielding a +0 dagger.
Items here: ( )) ††.
An orc comes into view. It is wielding a +0 short sword.
Items here: ( )) ††.
An orc priest comes into view. It is wielding a +0 club.
The orc priest shouts, "Beogh is our master!
Accept the truth or die!"
An orc comes into view. It is wielding a +0 dagger.
The orc priest calls down the wrath of Beogh upon you.
Beogh smites you!
* * * LOW HITPOINT WARNING * * *
Items here: ( )) ††.
The orc priest invokes the aid of Beogh against you.
Beogh smites you!
You die...

#.......# #.....
#.......# #.....
#.......# ....##.(...
#.......# ...._#.....
#..?....# ....##.....
#.......# ...8##.....
##.......# ##>## #.....
+........#########.....
##....@..†.............
#.....))†.............
#.....o...............
#.....................
#......o..............
#...o.................
#...o.................
.......................
.......................


You could see an orc priest, an orc wizard and 2 orcs.

Vanquished Creatures
  A steam dragon (D:6)
  A hornet zombie (D:5)
  4 phantoms
  3 necrophages
  3 scorpions
  A howler monkey (D:6)
  A bullfrog zombie (D:5)
  A hound (D:5)
  A human zombie (D:5)
  4 orc priests
  2 jellies (D:5)
  5 iguanas
  A scorpion zombie (D:5)
  3 orc wizards
  2 hound zombies (D:5)
  4 mummies (D:5)
  3 gnolls (D:4)
  8 adders
  A white imp (D:5)
  An ufetubus (D:5)
  A worm (D:3)
  23 orcs
  7 endoplasms
  3 giant cockroaches
  4 goblins
  7 hobgoblins
  4 jackals
  2 quokkas
  5 ball pythons
  5 bats
  4 frilled lizards
  5 kobolds
  4 rats
124 creatures vanquished.

Vanquished Creatures (others)
  A black bear (D:6)
  2 fungi (D:3)
  3 plants (D:3)
6 creatures vanquished.

Grand Total: 130 creatures vanquished

Notes
Turn   | Place    | Note
-------+----------+-------------------------------------------
     0 | D:1      | Thatpatchoflichen the Hill Orc Fighter began the quest for
                  | the Orb.
     0 | D:1      | Reached XP level 1. HP: 19/19 MP: 1/1
   188 | D:1      | Reached XP level 2. HP: 21/27 MP: 2/2
   552 | D:1      | Reached XP level 3. HP: 33/33 MP: 3/3
  1357 | D:2      | Found Xuletuwa's Antique Weapon Shop.
  1510 | D:3      | Reached XP level 4. HP: 22/40 MP: 4/4
  2183 | D:3      | Found a blossoming altar of Fedhas.
  2360 | D:3      | Found a faded altar of an unknown god.
  3171 | D:4      | Reached XP level 5. HP: 47/47 MP: 5/5
  3402 | D:5      | Entered Level 5 of the Dungeon
  3402 | D:5      | Found a staircase to the Ecumenical Temple.
  3865 | D:4      | Reached skill level 5 in Fighting
  3865 | D:4      | Reached XP level 6. HP: 52/56 MP: 6/6
  4179 | D:4      | Found Caemmit's Assorted Antiques.
  4452 | Temple   | Entered the Ecumenical Temple
  4681 | Temple   | Became a worshipper of Ashenzari the Shackled
  4788 | D:5      | Found Hosa's Magic Scroll Emporium.
  4802 | D:5      | Bought a scroll of identify for 28 gold pieces
  4918 | D:5      | Reached skill level 5 in Axes
  5139 | D:5      | Reached skill level 5 in Shields
  5141 | D:5      | Reached skill level 5 in Armour
  5208 | D:5      | Found Uvuebb's Jewellery Emporium.
  5212 | D:5      | Found a stormy altar of Qazlal.
  5214 | D:5      | Found a glowing golden altar of the Shining One.
  5216 | D:5      | Found a snail-covered altar of Cheibriados.
  5228 | D:5      | Reached XP level 7. HP: 45/61 MP: 7/7
  5988 | D:5      | Found a basalt altar of Yredelemnul.
  6217 | D:5      | Reached XP level 8. HP: 60/71 MP: 8/8
  7123 | D:6      | Found a shimmering blue altar of Sif Muna.
  7148 | D:6      | Found a sparkling altar of Nemelex Xobeh.
  7186 | D:6      | Reached XP level 9. HP: 23/79 MP: 9/9
  7223 | D:6      | Killed from afar by an orc priest

Illustrated notes

Levels and vault maps discovered:
D:1:      dpeg_arrival_short_road, layout_loops_ring, grunt_decor_resistance
D:2:      layout_rooms, serial_shops, shop_statue
D:3:      layout_basic, fedhas_altar_2, shapermc_ecumenical_altar_ellora
D:4:      layout_loops_ring, serial_shops, nicolae_shop_hallway_plus
D:5:      layout_basic, lemuel_mausoleum_altar_yredelemnul,
          grunt_temple_overflow_open, minmay_temple_entry_purple_smoke,
          serial_shops, shop, shop, kennysheep_generic_room_3
D:6:      minmay_cornered_nines, layout_basic, nicolae_overflow_hidden_temple,
          nicolae_sif_muna_condensation
Temple:   nicolae_temple_godpark

Skill      XL: |  1  2  3  4  5  6  7  8  9 |
---------------+----------------------------+-----
Axes           | 3 4 5 6 7 |  7.9
Fighting       | 4 5 6 7 |  7.7
Armour         | 4 5 6 7 |  7.1
Shields        | 4 5 6 7 |  7.1

Action                   |  1- 3 |  4- 6 |  7- 9 || total
-------------------------+-------+-------+-------++-------
Melee: War axe           |   117 |   155 |   243 ||   515
Invok: Curse Item        |       |       |     1 ||     1
  Use: Scroll            |       |     4 |       ||     4
       Potion            |       |       |     2 ||     2
Armor: Scale mail        |    53 |       |       ||    53
       Chain mail        |       |   104 |   146 ||   250
Dodge: Dodged            |    53 |    58 |    81 ||   192
Block: Buckler           |    24 |    37 |    43 ||   104
